 Dungeon Crawl Stone Soup version 0.27-a0-1331-g60ef6b6952 (webtiles) character file.

Game seed: 5737614795343189664

298 Joebob the Covered (level 6, -5/53 HPs)
             Began as a Minotaur Fighter on June 24, 2021.
             Was an Initiate of Qazlal.
             Killed from afar by an orc wizard (7 damage)
             ... with a puff of flame
             ... on level 5 of the Dungeon on June 25, 2021.
             The game lasted 00:46:11 (2861 turns).

Joebob the Covered (Minotaur Fighter)               Turns: 2861, Time: 00:46:11

Health: -5/53      AC:  7    Str: 23    XL:     6   Next: 13%
Magic:  5/5        EV:  8    Int:  5    God:    Qazlal [......]
Gold:   64         SH:  0    Dex:  9    Spells: 5/5 levels left

rFire    . . .     SeeInvis .   a - +0 war axe
rCold    . . .     Faith    .   c - +0 kite shield
rNeg     . . .     Spirit   .   b - +0 scale mail
rPois    .         Reflect  .   (helmet restricted)
rElec    .         Harm     .   (no cloak)
rCorr    .         Rampage  .   (no gloves)
Will     .....                  (no boots)
Stlth    ..........             (no amulet)
HPRegen  0.17/turn              (no ring)
MPRegen  0.09/turn              (no ring)

@: confused
A: horns 2, retaliatory headbutt
a: Renounce Religion


You were on level 5 of the Dungeon.
You worshipped Qazlal.
Qazlal was noncommittal.
You visited 2 branches of the dungeon, and saw 6 of its levels.

You collected 64 gold pieces.

Inventory:

Hand Weapons
 a - a +0 war axe (weapon)
 f - a +0 rapier
 h - a +0 dagger
 l - a +0 club
 m - a +0 dagger
 o - a +0 trident
 r - a +0 dagger
 u - a +0 club
 v - a +0 club
 w - a +0 dagger
 x - a +0 dagger
 z - a +0 club
 A - a +0 dagger of venom
 E - a +0 short sword
 F - a +0 giant spiked club
 G - a +0 dagger
 K - a +0 club
 M - a +0 club
Missiles
 g - 14 stones (quivered)
 i - 18 arrows
 j - 41 sling bullets
 p - 7 boomerangs
 H - 24 bolts
Armour
 b - a +0 scale mail (worn)
 c - a +0 kite shield (worn)
 q - a +0 leather armour
 y - a +0 ring mail
 J - a +0 robe
 N - a +0 robe
Jewellery
 n - a ring of protection from cold
Wands
 D - a wand of flame (12)
Scrolls
 e - a scroll of blinking {unknown}
 k - a scroll of immolation {unknown}
 t - a scroll of torment {unknown}
 B - a scroll of magic mapping {unknown}
 I - a scroll of fog {unknown}
 L - a scroll of noise {unknown}
Potions
 d - a potion of might
 s - a potion of heal wounds {unknown}
 C - a potion of invisibility {unknown}


   Skills:
 + Level 4.3 Fighting
 + Level 5.0 Axes
 + Level 5.6 Armour
 + Level 0.8 Dodging
 + Level 0.1 Stealth
 + Level 4.7 Shields


You had 5 spell levels left.
You didn't know any spells.
Your spell library was empty.

Dungeon Overview and Level Annotations

Branches:
Dungeon (5/15)             Temple (1/1) D:4

Altars:
Cheibriados
Elyvilon
Hepliaklqana
Okawaru
Qazlal
Ru
Sif Muna
Uskayaw

Shops:
D:1 [   D:4 =


Innate Abilities, Weirdness & Mutations

You have a pair of horns on your head.
You reflexively headbutt those who attack you in melee.


Message History

You slash the orc!
You kill the orc!
Qazlal accepts your kill.
You slash the orc wizard!
The orc wizard hits you but does no damage.
The orc wizard gestures at you while chanting.
The magic dart hits you but does no damage.
You block the orc wizard's attack. The orc wizard barely misses you.
You block the orc wizard's attack.
Things that are here:
a +1 war axe of freezing; a +0 leather armour; an orc corpse You closely miss the orc wizard.
You headbutt the orc wizard!
The orc wizard is almost dead.
You hit the orc wizard but do no damage.
The orc wizard casts a spell at you. The magic dart hits you.
* * * LOW HITPOINT WARNING * * *
You block the orc wizard's attack.
The orc wizard hits you with a +0 dagger.
* * * LOW HITPOINT WARNING * * *
You hit the orc wizard.
You kill the orc wizard!
Qazlal accepts your kill.
You hit the orc wizard but do no damage.
The orc wizard gestures at you while chanting.
You resist with some effort.
Your Axes skill increases to level 5!
You barely miss the orc wizard.
The orc wizard is almost dead.
The orc wizard casts a spell at you.
You are confused.
The orc wizard hits you but does no damage.
The orc wizard hits you but does no damage.
Found 17 gold pieces.
The orc wizard hits you with a +0 dagger.
* * * LOW HITPOINT WARNING * * *
You're too confused to move!
The orc wizard casts a spell at you. The puff of flame hits you!
You die...

#$....#.....##
....$........##
............?.#
..............#
..............#
..........>...#
..............#
.......@.)...#######
#.......o))........##
######.####..........
#. #........## #.
###.###### #. ..# #.
.### .. .. ..


You could see an orc wizard.

Vanquished Creatures
  An ogre (D:4)
  A scorpion (D:4)
  An iguana (D:4)
  A jelly (D:4)
  An orc wizard (D:5)
  2 adders
  A dart slug (D:4)
  3 orcs
  2 ball pythons (D:1)
  6 endoplasms
  A giant cockroach (D:4)
  9 goblins
  6 hobgoblins
  6 jackals (D:1)
  2 bats
  2 frilled lizards
  5 kobolds
  A rat (D:2)
51 creatures vanquished.

Notes
Turn   | Place    | Note
-------+----------+-------------------------------------------
     0 | D:1      | Joebob the Minotaur Fighter began the quest for the Orb.
     0 | D:1      | Reached XP level 1. HP: 19/19 MP: 0/0
   694 | D:1      | Found a faded altar of an unknown god.
   858 | D:1      | Reached XP level 2. HP: 27/27 MP: 1/1
  1021 | D:1      | Found Hoidulor's Armour Shop.
  1803 | D:2      | Upgraded the game from 0.27-a0-1325-g58a489ad9e to
                  | 0.27-a0-1331-g60ef6b6952
  1803 | D:2      | Reached XP level 3. HP: 16/33 MP: 2/2
  2194 | D:4      | Found a staircase to the Ecumenical Temple.
  2218 | D:4      | Found Roysacoi's Jewellery Emporium.
  2240 | Temple   | Entered the Ecumenical Temple
  2326 | Temple   | Became a worshipper of Qazlal Stormbringer
  2368 | D:4      | Reached skill level 5 in Armour
  2368 | D:4      | Reached XP level 4. HP: 34/40 MP: 3/3
  2446 | D:4      | Noticed an ogre
  2457 | D:4      | HP: 2/40 [ogre (9)]
  2461 | D:4      | Killed an ogre
  2462 | D:4      | Reached XP level 5. HP: 3/46 MP: 4/4
  2517 | D:5      | Entered Level 5 of the Dungeon
  2819 | D:4      | Reached XP level 6. HP: 21/53 MP: 5/5
  2856 | D:5      | HP: 2/53 [orc wizard (3)]
  2858 | D:5      | Reached skill level 5 in Axes
  2861 | D:5      | Killed from afar by an orc wizard

Illustrated notes

Levels and vault maps discovered:
D:1:      psy_arrival_heroes, layout_basic, serial_curves, eino_curves_02,
          eino_curves_03, eino_curves_04, eino_curves_01,
          shapermc_ecumenical_altar_totnotflames, serial_shops, shop,
          patterned_corridor
D:2:      layout_basic, minmay_goblin_outpost
D:3:      layout_basic, gup_sewer_entry_spiral
D:4:      layout_basic, minmay_temple_entry_statues, serial_bayou_pond_d,
          minmay_misc_feat_tower, eino_small_chamber_without_monster,
          grunt_ministairs_2, minmay_shop_enchanted_jewellery
D:5:      layout_rooms, hangedman_abyss_or_decor_passed, st_stairs_8
Temple:   eino_narrow_crystal_temple

Skill      XL: |  1  2  3  4  5  6 |
---------------+-------------------+-----
Armour         | 4 5 |  5.6
Shields        | 4 |  4.7
Fighting       | 4 |  4.3
Axes           | 3 4 5 |  5.0
Dodging        | |  0.8
Stealth        | |  0.1

Action                   |  1- 3 |  4- 6 || total
-------------------------+-------+-------++-------
Melee: War axe           |    72 |    35 ||   107
       Headbutt          |     6 |     6 ||    12
Armor: Scale mail        |    32 |    15 ||    47
Dodge: Dodged            |    32 |    19 ||    51
Block: Kite shield       |    46 |    24 ||    70

Table legend: (Time is in decaauts)
 A = Elapsed time spent in this place.
 B = Non-inter-level travel time spent in this place.
 C = Inter-level travel time spent in this place.
 D = Time resting spent in this place.
 E = Time spent auto-exploring this place.
 F = Levels seen in this place.
 G = Mean time per level.
                   A        B        C        D        E       F      G
               +--------+--------+--------+--------+--------+-----+--------+
         Total |   2929 |   2823 |    106 |      0 |      0 |   6 |  488.2 |
       Dungeon |   2828 |   2803 |     25 |      0 |      0 |   5 |  565.6 |
        Temple |    101 |     20 |     81 |      0 |      0 |   1 |  101.0 |
               +--------+--------+--------+--------+--------+-----+--------+

Top non-repeatable levels by time:
     D:1: 1712 daAuts
     D:4: 483 daAuts
     D:2: 306 daAuts
     D:3: 305 daAuts
  Temple: 101 daAuts
     D:5: 20 daAuts
